 Dungeon Crawl Stone Soup version 0.30.1-9-gdf580d7c3d (webtiles) character file.

Game seed: 9821060152981818095

350 pop123321pop the Slasher (level 6, -13/42 HPs)
             Began as a Human Fighter on Sept 30, 2023.
             Was a Believer of Hepliaklqana.
             Mangled by an acid dragon (14 damage)
             ... on level 7 of the Dungeon.
             The game lasted 00:06:15 (3218 turns).

pop123321pop the Slasher (Human Fighter)            Turns: 3218, Time: 00:06:15

Health: -13/42     AC:  3    Str: 16    XL:     6   Next: 92%
Magic:  6/6        EV: 10    Int:  8    God:    Hepliaklqana [**....]
Gold:   157        SH:  5    Dex: 15    Spells: 5/5 levels left

rFire   + . .        a - +0 long sword
rCold   . . .        c - +0 buckler
rNeg    . . .        n - +2 ring mail {rF+}
rPois   .            (no helmet)
rElec   .            (no cloak)
rCorr   .            (no gloves)
SInv    .            (no boots)
Will    .....        (no amulet)
Stlth   +            (no ring)
HPRegen 0.27/turn    (no ring)
MPRegen 0.10/turn

%: no passive effects
@: mighty, corroded
A: reduced essence
a: Renounce Religion, Ancestor Life: Knight, Ancestor Life: Battlemage, Ancestor
Life: Hexer, Recall Ancestor, Ancestor Identity


You were on level 7 of the Dungeon.
You worshipped Hepliaklqana.
Hepliaklqana was pleased with you.
You visited 1 branch of the dungeon, and saw 5 of its levels.

You collected 157 gold pieces.

Inventory:

Hand Weapons
 a - a +0 long sword (weapon)
 f - a +4 quarterstaff of chaos
Armour
 b - a +0 scale mail
 c - a +0 buckler (worn)
 k - a +0 cloak
 n - a +2 ring mail of fire resistance (worn)
Scrolls
 g - 4 scrolls of enchant armour
 h - 4 scrolls of teleportation {unknown}
 i - a scroll of immolation {unknown}
 j - 2 scrolls of enchant weapon {unknown}
 q - a scroll of blinking {unknown}
 r - a scroll of identify
Potions
 d - 2 potions of might
 e - a potion of curing
 l - a potion of attraction {unknown}
 m - a potion of invisibility {unknown}
 o - 2 potions of haste {unknown}
 p - a potion of flight {unknown}
 s - a potion of lignification {unknown}


   Skills:
 - Level 3.6 Fighting
 * Level 5.4 Long Blades
 + Level 3.8 Armour
 - Level 0.8 Dodging
 - Level 0.1 Stealth
 + Level 3.6 Shields


You had 5 spell levels left.
You didn't know any spells.
Your spell library contained the following spells:

 Spells                   Type           Power      Damage    Failure   Level
 Slow                     Hex            0%         N/A       71%         1
 Call Canine Familiar     Summ           0%         N/A       97%         3
 Confusing Touch          Hex            0%         N/A       97%         3
 Portal Projectile        Hex/Tloc       0%         N/A       97%         3
 Tukima's Dance           Hex            0%         N/A       97%         3
 Vampiric Draining        Necr           0%         2d6       97%         3
 Leda's Liquefaction      Hex/Erth       0%         N/A       100%        4
 Passage of Golubria      Tloc           0%         N/A       100%        4
 Yara's Violent Unravell  Hex/Tmut       0%         3d3       100%        5


Dungeon Overview and Level Annotations

Branches:
Dungeon (4/15)
 Temple: D:4-7

Altars:
Dithmenos
Hepliaklqana


Message History

The acid dragon claws you.
Unknown command.
Unknown command.
You hit the acid dragon.
The acid dragon is moderately wounded.
The acid dragon spits acid at you. The splash of acid misses you.
You hit the acid dragon.
The acid dragon is moderately wounded.
The acid dragon bites you but does no damage.
The acid dragon claws you but does no damage.
You hit the acid dragon but do no damage.
The acid dragon is moderately wounded.
The acid dragon bites you. You block the acid dragon's attack.
You hit the acid dragon.
The acid dragon is heavily wounded.
The acid dragon bites you. You block the acid dragon's attack.
You feel very mighty all of a sudden. The acid dragon barely misses you.
The acid dragon claws you.
You closely miss the acid dragon.
The acid dragon is heavily wounded.
The acid dragon barely misses you.
The acid dragon claws you but does no damage.
You block the acid dragon's attack.
The acid dragon claws you but does no damage.
You closely miss the acid dragon.
The acid dragon is heavily wounded.
The acid dragon bites you!
The acid dragon claws you but does no damage.
You slash the acid dragon!
The acid dragon is severely wounded.
The acid dragon spits acid at you. The splash of acid hits you!!
Ouch! That really hurt!
* * * LOW HITPOINT WARNING * * *
The acid corrodes you!
Unknown command.
The acid dragon attacks as you move away!
The acid dragon bites you!
You die...

.. #[ #. #. #. #.
#####
####D#####...#####.
#....@.......##....
#...#########........
# #..##.### #..##.#
#..##.# #...#.#####
#.....#...##
#...##.###.#
#.##........


You could see an acid dragon (catching breath).

Vanquished Creatures
  A phantom (D:4)
  A scorpion (D:4)
  A hound (D:4)
  Crazy Yiuf (D:2)
  Jessica (D:3)
  An iguana (D:4)
  A sleepcap (D:7)
  An adder (D:2)
  2 worms
  A dart slug (D:3)
  5 orcs
  3 bats
  9 endoplasms
  A giant cockroach (D:2)
  3 goblins
  3 hobgoblins
  2 quokkas
  5 ball pythons
  A ball python zombie (D:2)
  9 frilled lizards
  5 kobolds
  A quokka zombie (D:2)
  2 rats
60 creatures vanquished.

Vanquished Creatures (collateral kills)
  A ball python (D:3)
  2 endoplasms
  A bat (D:3)
  A kobold (D:3)
5 creatures vanquished.

Vanquished Creatures (others)
  2 ancestors (D:4)
2 creatures vanquished.

Grand Total: 67 creatures vanquished

Notes
Turn   | Place    | Note
-------+----------+-------------------------------------------
     0 | D:1      | pop123321pop the Human Fighter began the quest for the Orb.
     0 | D:1      | Reached XP level 1. HP: 18/18 MP: 1/1
   354 | D:1      | Reached XP level 2. HP: 23/24 MP: 2/2
   735 | D:1      | Found a faded altar of an unknown god.
   895 | D:1      | Reached XP level 3. HP: 29/29 MP: 3/3
  1274 | D:2      | Found a runed translucent door.
  1275 | D:2      | Noticed Crazy Yiuf
  1588 | D:2      | Reached skill level 3 in Long Blades
  1598 | D:2      | Reached XP level 4. HP: 31/35 MP: 4/4
  1752 | D:2      | Killed Crazy Yiuf
  1929 | D:1      | Prayed at the altar of an unknown god.
  1929 | D:1      | Became a worshipper of Hepliaklqana the Forgotten
  1929 | D:1      | Reached * piety under Hepliaklqana
  2362 | D:3      | Noticed Jessica
  2375 | D:3      | Killed Jessica
  2376 | D:3      | Reached skill level 4 in Long Blades
  2376 | D:3      | Reached XP level 5. HP: 34/36 MP: 5/5
  2447 | D:3      | Found a shadowy altar of Dithmenos.
  2901 | D:4      | Noticed a phantom
  2940 | D:4      | Killed a phantom
  2941 | D:4      | Reached skill level 5 in Long Blades
  2941 | D:4      | Reached XP level 6. HP: 32/42 MP: 6/6
  3168 | D:4      | You fall into a shaft and drop 3 floors!
  3195 | D:7      | Reached ** piety under Hepliaklqana
  3201 | D:7      | Noticed an acid dragon
  3217 | D:7      | HP: 1/42 [acid dragon/splash of acid (21)]
  3218 | D:7      | Mangled by an acid dragon

Illustrated notes

Levels and vault maps discovered:
D:1:      nagdon_arrival_double_spiral, layout_basic,
          shapermc_ecumenical_altar_flowoftime
D:2:      layout_rooms, serial_undead, serial_undead_e, serial_undead_c,
          serial_undead_b, serial_undead_d, uniq_crazy_yiuf_cottage
D:3:      layout_loops_ring, mainiacjoe_overflow_24_doors, uniq_jessica
D:4:      layout_layer_cave, nemelex_xobeh_ov_fountains_minmay
D:7:      layout_loops_ring, lemuel_tele_altar,
          lemuel_zombie_altar_kikubaaqudgha, amcnicky_altar_gilded,
          nicolae_shop_vocational, uniq_menkaure

Skill      XL: |  1  2  3  4  5 |
---------------+----------------+-----
Long Blades    | 3 4 5 |  5.4
Fighting       | |  3.6
Armour         | |  3.8
Dodging        | |  0.8
Stealth        | |  0.1
Shields        | |  3.6

Action                     |  1- 3 |  4- 6 || total
---------------------------+-------+-------++-------
  Melee: Long sword        |   118 |   121 ||   239
 Invoke: Ancestor Identity |       |     1 ||     1
         Recall Ancestor   |       |     1 ||     1
    Use: Potion            |       |     8 ||     8
         Scroll            |       |     3 ||     3
   Stab: Distracted        |       |     1 ||     1
 Armour: Scale mail        |    51 |       ||    51
         Ring mail         |       |    83 ||    83
  Dodge: Dodged            |    53 |    88 ||   141
  Block: Buckler           |    29 |    51 ||    80
